 Dungeon Crawl Stone Soup version 0.29-a0-23-ga79f92ac9c (webtiles) character file.

Game seed: 2995258481072327551

492 siradein the Vexing (level 6, -3/48 (51) HPs)
             Began as a Draconian Arcane Marksman on Jan 31, 2022.
             Slain by a wight (7 damage)
             ... on level 4 of the Dungeon.
             The game lasted 00:09:22 (4209 turns).

siradein the Vexing (Draconian Arcane Marksman)     Turns: 4209, Time: 00:09:23

HP:   -3/48 (51)    AC:  6    Str: 20    XL:     6   Next: 91%
MP:   5/10          EV: 12    Int: 14    God:
Gold: 99            SH:  5    Dex: 11    Spells: 3/10 levels left

rFire   . . .      SeeInvis .   m - +0 hunting sling
rCold   . . .      Faith    .   (no shield)
rNeg    . . .      Spirit   .   (armour unavailable)
rPois   .          Reflect  +   (helmet restricted)
rElec   .          Harm     .   (no cloak)
rCorr   .          Rampage  .   (no gloves)
Will    .....                   (no boots)
Stlth   +.........              f - amulet of reflection
HPRegen 0.16/turn               g - ring of wizardry
MPRegen 0.12/turn               t - +6 ring of strength

@: drained
A: AC +6, unfitting armour, cold-blooded
a: no special abilities


You were on level 4 of the Dungeon.
You visited 1 branch of the dungeon, and saw 4 of its levels.

You collected 99 gold pieces.

Inventory:

Hand Weapons
 a - a +0 shortbow
 m - a +0 hunting sling (weapon)
 s - the +7 dagger "Wasidgh" {vorpal, Dex+4}
   (You found it on level 3 of the Dungeon)

   It inflicts extra damage upon your enemies.
   Dex:       It affects your dexterity (+4).
Missiles
 c - 48 arrows
 l - 77 stones (quivered ammo)
Jewellery
 f - an amulet of reflection (around neck)
 g - a ring of wizardry (left hand)
 t - a +6 ring of strength (right hand)
Scrolls
 b - 2 scrolls of amnesia {unknown}
 e - 3 scrolls of vulnerability {unknown}
 h - 2 scrolls of teleportation {unknown}
 j - a scroll of fear {unknown}
 k - a scroll of identify {unknown}
 o - a scroll of enchant weapon {unknown}
 p - a scroll of enchant armour {unknown}
Potions
 d - a potion of curing {unknown}
 i - a potion of degeneration {unknown}
 n - a potion of heal wounds {unknown}
 q - a potion of invisibility {unknown}
 r - a potion of cancellation {unknown}
 u - a potion of flight {unknown}


   Skills:
 + Level 3.6 Fighting
 + Level 3.3 Bows
 + Level 3.4 Dodging
 + Level 2.9 Spellcasting
 + Level 3.9 Hexes


You had 3 spell levels left.
You knew the following spells:

 Your Spells              Type           Power      Damage    Failure   Level
a - Slow                  Hex            52%        N/A       1%          1
b - Inner Flame           Hex/Fire       7%         N/A       12%         3
c - Portal Projectile     Hex/Tloc       14%        N/A       12%         3

Your spell library contained the following spells:

 Spells                   Type           Power      Damage    Failure   Level
 Corpse Rot               Necr/Air       4%         N/A       13%         2
 Poisonous Vapours        Pois/Air       4%         N/A       13%         2
 Cause Fear               Hex            6%         N/A       16%         4


Dungeon Overview and Level Annotations

Branches:
Dungeon (4/15)
 Temple: D:4-7

Altars:
Kikubaaqudgha
Trog

Shops:
D:2 (


Innate Abilities, Weirdness & Mutations

Your plain brown scales are hard. (AC +6)
You cannot fit into any form of body armour.
You are cold-blooded and may be slowed by cold attacks.


Message History

Aim: a wight, wielding a +2 dire flail and wearing a +2 robe of cold resistance (moderately damaged, chance to affect: 53%)
The wight resists with significant effort.
The wight hits you with a +2 dire flail.
Aiming: Inner Flame (dangerous; 12% risk of failure)
Press: ? - help, Q - select action, (/) - cycle Dir - move target, f/p - wight
Aim: a wight, wielding a +2 dire flail and wearing a +2 robe of cold resistance (moderately damaged, chance to affect: 53%)
The wight is filled with an inner flame.
The orc hits you but does no damage. The wight misses you.
You don't have enough magic to cast this spell.
Unknown command.
The orc closely misses you.
The orc throws a boomerang.
The boomerang hits you but does no damage.
There is a stone staircase leading up here.
The wight hits you with a +2 dire flail.
You feel drained.
Aiming: Inner Flame (dangerous; 12% risk of failure)
Press: ? - help, Q - select action, (/) - cycle Dir - move target, f/p - wight
Aim: a wight, wielding a +2 dire flail and wearing a +2 robe of cold resistance (moderately damaged, inner flame, chance to affect: 53%)
The wight is already burning with an inner flame!
Unknown command.
You are too injured to fight recklessly!
You are too injured to fight recklessly!
You are too injured to fight recklessly!
Fire: 79 stones
Press: ? - help, Q - select action, (/) - cycle Shift-Dir - straight line, f/p - wight
Aim: a wight, wielding a +2 dire flail and wearing a +2 robe of cold resistance (moderately damaged, inner flame, 56% to hit)
You shoot a stone.
The stone hits the wight but does no damage.
The wight is moderately damaged.
The wight hits you with a +2 dire flail!
* * * LOW HITPOINT WARNING * * *
You feel drained.
* * * LOW HITPOINT WARNING * * *
Fire: 78 stones
Press: ? - help, Q - select action, (/) - cycle Shift-Dir - straight line, f/p - wight
Aim: a wight, wielding a +2 dire flail and wearing a +2 robe of cold resistance (moderately damaged, inner flame, 56% to hit)
You shoot a stone. The stone closely misses the wight.
The wight hits you with a +2 dire flail!
You die...

# #......## ###......'≈≈≈≈'.# ##
##....## ##........#≈≈≈≈#.# .#
##.### ##.........#≈≈≈≈#.# .# ###
##..........######.# .##
##...............##.#### ..#
##...............###..... ..#
##...............## ###... .##
#...............#######...
.#######........@z.....(.........
.................o..###########..
########...........## ### ###.##
########...## # .....## ##..# #
......# #.## ......## #.#
.......## ##.# ........# #.##


You could see a wight (inner flame) and an orc.

Vanquished Creatures
  Sigmund (D:4)
  A scorpion (D:3)
  2 wights (D:4)
  An orc priest (D:4)
  An orc wizard (D:4)
  A hound skeleton (D:4)
  4 adders
  An ufetubus (D:4)
  3 dart slugs (D:3)
  8 orcs
  6 endoplasms
  5 giant cockroaches
  5 goblins
  9 hobgoblins
  4 jackals
  2 kobolds (D:1)
  5 quokkas (D:1)
  2 ball pythons
  3 bats
  A frilled lizard (D:3)
  6 rats
71 creatures vanquished.

Notes
Turn   | Place    | Note
-------+----------+-------------------------------------------
     0 | D:1      | siradein the Draconian Arcane Marksman began the quest for
                  | the Orb.
     0 | D:1      | Reached XP level 1. HP: 16/16 MP: 2/2
     3 | D:1      | Noticed a minotaur skeleton
     8 | D:1      | Noticed a minotaur skeleton
    15 | D:1      | Noticed a minotaur skeleton
   178 | D:1      | Reached XP level 2. HP: 23/23 MP: 3/3
   506 | D:1      | Reached XP level 3. HP: 29/29 MP: 5/5
   617 | D:2      | Learned a level 3 spell: Inner Flame
   916 | D:2      | Found Nifem's Antique Weapon Emporium.
  1412 | D:2      | Found an ancient bone altar of Kikubaaqudgha.
  1817 | D:3      | Found a faded altar of an unknown god.
  1909 | D:3      | Found a bloodstained altar of Trog.
  2002 | D:3      | Reached XP level 4. HP: 32/36 MP: 6/6
  2201 | D:3      | Noticed a scorpion
  2204 | D:3      | Identified the +7 dagger "Wasidgh" {vorpal, Dex+4}
  2218 | D:3      | Killed a scorpion
  2219 | D:3      | Reached XP level 5. HP: 41/42 MP: 6/8
  2457 | D:4      | Learned a level 3 spell: Portal Projectile
  3212 | D:4      | Noticed Sigmund
  3494 | D:4      | Killed Sigmund
  3495 | D:4      | Reached XP level 6. HP: 51/51 MP: 5/10
  3659 | D:4      | Noticed a water moccasin
  4209 | D:4      | Slain by a wight

Illustrated notes

Levels and vault maps discovered:
D:1:      shiori_arrival_whats_in_store_for_you, layout_rooms
D:2:      layout_loops_corners, serial_shops, nicolae_shop_trees, basic_altar
D:3:      layout_rooms, mainiacjoe_overflow_24_doors,
          ebering_ecumenical_altar_rust, hex_intersection
D:4:      layout_cave_pods, serial_rivers, chequers_serial_rivers_small_b,
          chequers_serial_rivers_room_b, chequers_serial_rivers_small_a,
          chequers_serial_rivers_room_a, chequers_serial_rivers_room_a,
          uniq_sigmund, uniq_edmund

Skill      XL: |  1  2  3  4  5 |
---------------+----------------+-----
Bows           | 2 3 |  3.3
Dodging        | 2 3 |  3.4
Hexes          | 3 |  3.9
Fighting       | 2 3 |  3.6
Spellcasting   | 2 |  2.9

Action                   |  1- 3 |  4- 6 || total
-------------------------+-------+-------++-------
Melee: Dagger            |       |     4 ||     4
       Tailslap          |       |     1 ||     1
 Fire: Shortbow          |    88 |       ||    88
       Hunting sling     |    36 |   122 ||   158
 Cast: Slow              |     3 |       ||     3
       Inner Flame       |       |     9 ||     9
Armor: Skin              |     9 |    15 ||    24
Dodge: Dodged            |    25 |    49 ||    74
Block: Other             |     5 |    22 ||    27
       Reflection        |       |     1 ||     1

Table legend: (Time is in decaauts)
 A = Elapsed time spent in this place.
 B = Non-inter-level travel time spent in this place.
 C = Inter-level travel time spent in this place.
 D = Time resting spent in this place.
 E = Time spent auto-exploring this place.
 F = Levels seen in this place.
 G = Mean time per level.
                   A        B        C        D        E       F      G
               +--------+--------+--------+--------+--------+-----+--------+
         Total |   4261 |   4153 |    108 |    528 |   2859 |   4 | 1065.2 |
       Dungeon |   4261 |   4153 |    108 |    528 |   2859 |   4 | 1065.2 |
               +--------+--------+--------+--------+--------+-----+--------+

Top non-repeatable levels by time:
     D:4: 1304 daAuts
     D:3: 1163 daAuts
     D:2: 1141 daAuts
     D:1: 652 daAuts
